 Dungeon Crawl Stone Soup version 0.25-a0-577-ga4619f409e (webtiles) character file.

Game seed: 3808111532464752984, levelgen mode: deterministic

97 An17 the Sneak (level 4, -2/24 HPs)
             Began as a Vampire Enchanter on Mar 2, 2020.
             Slain by a worm (9 damage)
             ... on level 2 of the Dungeon.
             The game lasted 00:08:29 (1937 turns).

An17 the Sneak (Vampire Enchanter)                  Turns: 1937, Time: 00:08:29

Health: -2/24      AC:  3    Str:  7    XL:     4   Next: 42%
Magic:  3/7        EV: 13    Int: 17    God:
Gold:   93         SH:  0    Dex: 15    Spells: 2/7 levels left

rFire    . . .     SeeInvis +   e - +3 dagger (elec)
rCold    + + .     Gourm    .   (no shield)
rNeg     + + +     Faith    .   b - +1 robe
rPois    ∞         Spirit   .   (no helmet)
rElec    .         Reflect  .   (no cloak)
rCorr    .         Harm     .   (no gloves)
MR       .....                  (no boots)
Stlth    +++++.....             (no amulet)
HPRegen  0.00/turn              (no ring)
MPRegen  0.10/turn              (no ring)

@: bloodless
A: no food, fangs 3, see invisible, unbreathing
a: Bat Form, Revivify


You were on level 2 of the Dungeon.
You were bloodless.

You visited 1 branch of the dungeon, and saw 3 of its levels.

You collected 93 gold pieces.

Inventory:

Hand Weapons
 e - a +3 dagger of electrocution (weapon)
 h - a +0 dagger of venom
 i - a +2 whip of electrocution
Armour
 b - a +1 robe (worn)
 j - a +0 leather armour
Scrolls
 k - a scroll of teleportation
 l - a scroll of enchant armour
 n - a scroll of identify
Potions
 a - a potion of resistance {unknown}
 c - a potion of curing {unknown}
 d - a potion of flight {unknown}
 f - a potion of might {unknown}
 g - a potion of brilliance {unknown}
 m - 2 potions of heal wounds {unknown}


   Skills:
 + Level 0.2 Fighting
 + Level 1.5 Short Blades
 + Level 2.4 Dodging
 + Level 6.0 Stealth
 + Level 2.2 Spellcasting
 + Level 5.9 Hexes
 + Level 0.2 Ice Magic


You had 2 spell levels left.
You knew the following spells:

 Your Spells              Type           Power        Failure   Level  Hunger
a - Confusing Touch       Hex            ###.....     4%          3    N/A
b - Ensorcelled Hibernat  Hex/Ice        ##....       9%          2    N/A

Your spell library contained the following spells:

 Spells                   Type           Power        Failure   Level  Hunger
 Corona                   Hex            ###....      1%          1    N/A
 Tukima's Dance           Hex            ###.....     4%          3    N/A
 Dazzling Flash           Conj/Hex       ##....       17%         3    N/A

Dungeon Overview and Level Annotations

Branches:
Dungeon (3/15)

Altars:


Innate Abilities, Weirdness & Mutations

You do not eat.
You do not regenerate when monsters are visible.
You are frail without blood (-20% HP).
You can heal yourself when you bite living creatures.
You are immune to poison.
You have razor-sharp teeth.
You have supernaturally acute eyesight. (SInv)
You can survive without breathing.


Message History

The goblin closely misses you.
You hit the worm. Your bite misses the worm.
The worm is lightly wounded.
The goblin closely misses you. The goblin misses you. The worm misses you.
The goblin completely misses you.
Okay, then.
Casting: Ensorcelled Hibernation (safe; 9% risk of failure)
Confirm with . or Enter, or press ? or * to list all spells.
Aiming: Ensorcelled Hibernation (safe; 9% risk of failure)
Press: ? - help, Shift-Dir - straight line, f/p - worm
Aim: a worm (chance to defeat MR: 51%)
The worm looks drowsy...
The goblin closely misses you. The goblin hits you but does no damage.
The worm barely misses you. The goblin closely misses you.
The helpless worm fails to defend itself.
You impale the worm!!
You kill the worm!
The goblin barely misses you. The goblin completely misses you. x2
The worm bites you!
You die...

#.##.##
#.......##..#.........
####.#
#.##.##.##.......####. ##.##
#.......###.####.# #.. #...#
#.##.##.# #..<...# #..
#...######.##.##.##########
#.. #
#.................########
#..
###...####....#.###.##.....#
#.#
≈##.............###.##.....#
#.#
§≈##...........[@g.........#
#.#
≈≈§##..........ggw..##.....#
#..
≈§≈§#...............##.....#
###
§≈§§#.##.#..........########
§§≈≈#.##.###........# ≈≈≈
#[##............##
≈≈≈b#######)[..)>....# §≈≈
#.##.##†##.# §§≈
######.##.##.##.# #########


You could see a worm and 3 goblins.

Vanquished Creatures
  Robin (D:2)
  A gnoll (D:1)
  An adder (D:2)
  A worm (D:2)
  2 leopard geckos
  A ball python (D:1)
  7 bats
  2 giant cockroaches (D:2)
  15 goblins
  6 hobgoblins
  5 jackals
  6 kobolds
  A quokka (D:2)
  4 frilled lizards (D:1)
  2 rats (D:2)
55 creatures vanquished.

Notes
Turn   | Place    | Note
-------+----------+-------------------------------------------
     0 | D:1      | An17 the Vampire Enchanter began the quest for the Orb.
     0 | D:1      | Reached XP level 1. HP: 13/13 MP: 3/3
   151 | D:1      | Reached skill level 5 in Hexes
   151 | D:1      | Reached XP level 2. HP: 4/19 MP: 3/5
   155 | D:1      | Learned a level 2 spell: Ensorcelled Hibernation
   514 | D:1      | Reached XP level 3. HP: 19/19 MP: 6/6
   522 | D:1      | Learned a level 3 spell: Confusing Touch
  1001 | D:2      | Reached skill level 5 in Stealth
  1469 | D:2      | Reached XP level 4. HP: 24/24 MP: 7/7
  1834 | D:3      | Noticed Robin
  1838 | D:2      | Killed Robin
  1838 | D:2      | Reached skill level 6 in Stealth
  1937 | D:2      | Slain by a worm

Levels and vault maps discovered:
D:1:      dpeg_cavernosity, layout_loops_ring
D:2:      kennysheep_big_flooded_room, layout_loops_cross, minivault_4
D:3:      layout_rooms, grunt_temple_overflow_champion_of_chaos,
          lemuel_zombie_altar_kikubaaqudgha, uniq_robin

Skill      XL: |  1  2  3  4 |
---------------+-------------+-----
Hexes          | 5 |  5.9
Stealth        | 5 6 |  6.0
Fighting       | |  0.2
Short Blades   | |  1.5
Dodging        | |  2.4
Spellcasting   | |  2.2
Ice Magic      | |  0.2

Action                   |  1- 3 |  4- 6 || total
-------------------------+-------+-------++-------
Melee: Dagger            |    87 |    22 ||   109
       Bite              |     2 |     1 ||     3
 Cast: Corona            |     1 |       ||     1
       Ensorcelled Hiber |    13 |     9 ||    22
 Abil: Exsanguinate      |     1 |       ||     1
  Use: Scroll            |     7 |       ||     7
 Stab: Sleeping          |    29 |     7 ||    36
Armor: Robe              |    13 |     8 ||    21
Dodge: Dodged            |    54 |    41 ||    95

Table legend:
 A = Non-vault XP
 B = Vault XP
 C = Vault XP percentage of total XP
 D = Non-vault monster count
 E = Vault monster count
 F = Vault count percentage of total count
                 A         B        C        D         E       F
            +---------+---------+-------+---------+---------+-------
      Total |     104 |      35 |  25.2 |      43 |      12 |  21.8
            +---------+---------+-------+---------+---------+-------
        D:1 |      51 |       6 |  10.5 |      22 |       4 |  15.4
        D:2 |      53 |      29 |  35.4 |      21 |       8 |  27.6
            +---------+---------+-------+---------+---------+-------
